 Dungeon Crawl Stone Soup version 0.23.2-11-gf996548c65 (webtiles) character file.

Game seed: 9096456713183435597

15 Lokunos the Vexing (level 2, -2/23 HPs)
             Began as a Centaur Arcane Marksman on June 4, 2019.
             Slain by an ooze (3 damage)
             ... on level 2 of the Dungeon on June 5, 2019.
             The game lasted 00:04:55 (1098 turns).

Lokunos the Vexing (Centaur Arcane Marksman)        Turns: 1098, Time: 00:04:56

Health: -2/23      AC:  5    Str: 12    XL:     2   Next: 34%
Magic:  5/12       EV:  8    Int: 12    God:
Gold:   72         SH:  0    Dex:  9    Spells: 2/3 levels left

rFire    . . .     SeeInvis .   a - +0 shortbow
rCold    . . .     Gourm    .   (shield currently unavailable)
rNeg     . . .     Faith    .   i - +0 ring mail
rPois    .         Spirit   .   (no helmet)
rElec    .         Reflect  .   (no cloak)
rCorr    +         Harm     .   (no gloves)
MR       .....                  (no barding)
Stlth    ..........             (no amulet)
HPRegen  0.07/turn              g - ring of resist corrosion
MPRegen  0.13/turn              k - ring of magical power

@: very slightly contaminated, very quick
A: large, hooves 3, deformed body, speed 2, tough skin 3
a: no special abilities


You were on level 2 of the Dungeon.
You were not hungry.

You visited 1 branch of the dungeon, and saw 2 of its levels.

You collected 72 gold pieces.

Inventory:

Hand Weapons
 a - a +0 shortbow (weapon)
Armour
 e - a +0 robe
 i - a +0 ring mail (worn)
 o - a +0 scale mail
Jewellery
 g - a ring of resist corrosion (left hand)
 k - a ring of magical power (right hand)
 m - an uncursed amulet of guardian spirit {unknown}
Scrolls
 c - 2 scrolls of identify {unknown}
 j - a scroll of blinking {unknown}
Potions
 b - a potion of resistance {unknown}
 h - a potion of degeneration {unknown}
 l - a potion of brilliance {unknown}
Comestibles
 f - 3 rations


   Skills:
 + Level 1.0 Fighting
 + Level 3.0 Bows
 + Level 1.6 Dodging
 + Level 1.0 Spellcasting
 + Level 3.1 Hexes


You had 2 spell levels left.
You knew the following spells:

 Your Spells              Type           Power        Failure   Level  Hunger
a - Corona                Hex            #......      19%         1    ##.....

Your spell library contained the following spells:

 Spells                   Type           Power        Failure   Level  Hunger
 Slow                     Hex            #.......     28%         2    ###....
 Inner Flame              Hex/Fire       #.......     73%         3    ####...
 Portal Projectile        Hex/Tloc       #.....       73%         3    ####...
 Cause Fear               Hex            #.........   88%         4    #####..
 Leda's Liquefaction      Hex/Erth       #.........   98%         4    #####..


Dungeon Overview and Level Annotations

Branches:
Dungeon (2/15)

Altars:


Innate Abilities, Weirdness & Mutations

You have hooves in place of feet.
Armour fits poorly on your strangely shaped body.
You cover ground very quickly.
You have extremely tough skin. (AC +3)


Message History

The ooze misses you.
Casting: Corona (safe; 19% risk of failure)
Confirm with . or Enter, or press ? or * to list all spells.
Aiming: Corona (safe; 19% risk of failure)
Press: ? - help, Shift-Dir - straight line, f/p - frilled lizard
Aim: a frilled lizard (softly glowing, chance to defeat MR: 61%)
The frilled lizard glows brighter.
The bat hits you but does no damage. The frilled lizard bites you.
* * * LOW HITPOINT WARNING * * *
The ooze barely misses you.
Casting: Corona (safe; 19% risk of failure)
Confirm with . or Enter, or press ? or * to list all spells.
Aiming: Corona (safe; 19% risk of failure)
Press: ? - help, Shift-Dir - straight line, f/p - frilled lizard
Aim: a frilled lizard (softly glowing, chance to defeat MR: 61%)
The frilled lizard glows brighter.
The bat hits you but does no damage. The frilled lizard bites you.
* * * LOW HITPOINT WARNING * * *
The ooze hits you.
You die...

...#...
.......
.......
.$.....
.......
.......
......J###
......b@)#
......lS...#
.........#..#
.........# .#
.........# #
.........#
.%......##
(......##


You could see an ooze, an adder, a bat and a frilled lizard.

Vanquished Creatures
  A dart slug (D:1)
  2 leopard geckos (D:1)
  A bat (D:1)
  A goblin (D:2)
  A hobgoblin (D:1)
  2 kobolds (D:1)
  3 rats (D:1)
11 creatures vanquished.

Notes
Turn   | Place    | Note
-------+----------+-------------------------------------------
     0 | D:1      | Lokunos the Centaur Arcane Marksman began the quest for the
                  | Orb.
     0 | D:1      | Reached XP level 1. HP: 16/16 MP: 2/2
   683 | D:1      | Reached XP level 2. HP: 23/23 MP: 3/3
  1098 | D:2      | HP: 1/23 [frilled lizard (3)]
  1098 | D:2      | Slain by an ooze

Skill      XL: |  1  2 |
---------------+-------+-----
Hexes          | 3 |  3.1
Bows           | 3 |  3.0
Fighting       | |  1.0
Dodging        | |  1.6
Spellcasting   | |  1.0

Action                   || total
-------------------------++-------
Melee: Shortbow          ||     1
 Fire: Shortbow          ||    56
Throw: Tomahawk          ||     5
 Cast: Corona            ||     6
Armor: Robe              ||     4
       Ring mail         ||    37
Dodge: Dodged            ||    42
